 Dungeon Sprint DCSS version 0.17-a0-1920-gafa4d75 (webtiles) character file.

24 Kidiri the Sneak (level 2, 0/13 HPs)
             Began as a Spriggan Enchanter on Sept 27, 2015.
             Slain by a water elemental (8 damage)
             ... in the Dungeon (Sprint III: "The Ten Rune Challenge").
             The game lasted 00:01:28 (169 turns).

Kidiri the Sneak (Spriggan Enchanter)                Turns: 169, Time: 00:01:28

Health: 0/13       AC:  7    Str:  4    XL:     2   Next: 79%
Magic:  8/8        EV: 19    Int: 16    God:
Gold:   15         SH:  0    Dex: 13    Spells: 2 memorised, 6 levels left

rFire  . . .     SeeInvis +     a - +1 dagger
rCold  . . .     Clarity  .     b - +1 robe
rNeg   . . .     SustAt   .     (shield restricted)
rPois  +         Gourm    .     (helmet restricted)
rElec  .         Spirit   .     (no cloak)
rCorr  .         Warding  .     (gloves unavailable)
rMut   .         NoTele   +     (boots unavailable)
MR     .....                    (no amulet)
Stlth  +++.......               (no ring)
                                (no ring)

@: very quick, not resistant to hostile enchantments, fairly stealthy
A: unfitting armour, rough black scales 1, see invisible, clumsy 1, herbivore 3,
speed 3, poison resistance, slow metabolism 2, spit poison 1
a: Spit Poison


You were in the Dungeon.
You were not hungry.

You visited 1 branch You collected 15 gold pieces.

Inventory:

Hand weapons
 a - a +1 dagger (weapon)
Armour
 b - a +1 robe (worn)
Scrolls
 j - a scroll of blinking
 l - a scroll of torment
 q - a scroll of immolation
 r - 2 scrolls of remove curse
Potions
 e - a potion of curing
 f - a potion of heal wounds
 g - a potion of haste
 h - 2 potions of magic
 i - a potion of berserk rage
 p - 2 potions of flight {unknown}
 s - a potion of brilliance
Books
 c - a book of Maledictions

   Spells                             Type                      Level
   a - Corona                         Hexes                        1
   b - Ensorcelled Hibernation        Hexes/Ice                    2
   c - Confuse                        Hexes                        3
   d - Tukima's Dance                 Hexes                        3
   e - Dazzling Spray                 Conjuration/Hexes            3
Comestibles
 d - 2 bread rations
 n - a royal jelly


   Skills:
 * Level 2.9 Short Blades
 * Level 4.7 Dodging
 * Level 6.0 Stealth
 * Level 4.2 Spellcasting
 + Level 4.3 Hexes
 + Level 0.0 Ice Magic


You had 6 spell levels left.
You knew the following spells:

 Your Spells              Type           Power        Failure   Level  Hunger
a - Corona                Hex            ###....      3%          1    None
b - Ensorcelled Hibernat  Hex/Ice        ##....       12%         2    ##.....


Dungeon Overview and Level Annotations

Branches:
Dungeon (1/1)

Altars:


Innate Abilities, Weirdness & Mutations

You are tiny and cannot use many weapons and most armour.
You have supernaturally acute eyesight.
You are a herbivore.
You cover ground extremely quickly.
You need consume almost no food.
You are partially covered in rough black scales (AC +4, Dex -1).
You are clumsy. (Dex -2)
Your system is resistant to poisons.
You can spit weak poison.


Message History

A water elemental comes into view.
There is an open door to the Ecumenical Temple here.
The helpless water elemental fails to defend itself.
You impale the water elemental!!
The water elemental is almost destroyed.
The water elemental barely misses you.
Unknown command.
Casting: Corona
Confirm with . or Enter, or press ? or * to list all spells.
You don't know that spell.
Unknown command.
There is an open door to the Ecumenical Temple here.
You barely miss the water elemental.
The water elemental is almost destroyed.
The water elemental hits you.
You barely miss the water elemental.
The water elemental is almost destroyed.
The water elemental hits you!
Ouch! That really hurt!
You die...

▓▓▓▓▓▓▓▓ ▓▓▓ <..#)..####
##.# ...#......#####..#
..##.......#..#..#
##.##.##...#..#..###+#+###
##.##.###..##+#..#........
#.####.##..###..@E.⌠......
.###%.##..####...#...#####
#.....##..###....#.⌠.#
###..##...##.....#...#
##%.##....#......#+###
#..###..##.#.....# #).#
#..#####....# ▓▓▓▓ ▓▓▓▓
▓▓▓▓▓▓


You could see a water elemental.

Vanquished Creatures
  A human (D)
  A phantom (D)
  4 rats (D)
6 creatures vanquished.

Notes
Turn   | Place    | Note
--------------------------------------------------------------
     0 | D        | Kidiri the Spriggan Enchanter began the quest for the Orb.
     0 | D        | Reached XP level 1. HP: 9/9 MP: 5/5
    37 | D        | Reached skill level 5 in Stealth
    66 | D        | Reached skill level 6 in Stealth
    66 | D        | Reached XP level 2. HP: 13/13 MP: 6/8
    70 | D        | Learned a level 2 spell: Ensorcelled Hibernation
   105 | D        | Gained mutation: You are dopey. (Int -2) [potion of mutation]
   105 | D        | Gained mutation: You heal slowly when monsters are visible. [potion of mutation]
   105 | D        | Gained mutation: You do not heal naturally when monsters are visible. [potion of mutation]
   106 | D        | Lost mutation: You are dopey. (Int -2) [potion of cure mutation]
   106 | D        | Lost mutation: You do not heal naturally when monsters are visible. [potion of cure mutation]
   106 | D        | Lost mutation: You heal slowly when monsters are visible. [potion of cure mutation]
   107 | D        | Gained mutation: You can spit weak poison. [potion of mutation]
   107 | D        | Gained mutation: You are frail (-10% HP). [potion of mutation]
   107 | D        | Gained mutation: You are clumsy. (Dex -2) [potion of mutation]
   108 | D        | Gained mutation: Your system is resistant to poisons. [potion of mutation]
   108 | D        | Gained mutation: You are partially covered in rough black scales (AC +4, Dex -1). [potion of mutation]
   108 | D        | Lost mutation: You are frail (-10% HP). [potion of mutation]
   161 | D        | Noticed a water elemental
   169 | D        | Slain by a water elemental

Vault maps used:
D:        dungeon_sprint_mu

Action                   || total
-------------------------++-------
Melee: Dagger            ||    20
 Cast: Corona            ||     1
  Use: Scroll            ||     5
       Potion            ||     4
 Stab: Sleeping          ||     7
